 Dungeon Crawl Stone Soup version 0.30.0-29-ga12c61a403 (webtiles) character file.

Game seed: 8063445804974722656

44 safid the Chiller (level 3, -3/27 HPs)
             Began as a Merfolk Ice Elementalist on June 12, 2023.
             Slain by Terence
             ... wielding a +0 mace
              (9 damage)
             ... on level 2 of the Dungeon.
             The game lasted 00:02:09 (1142 turns).

safid the Chiller (Merfolk Ice Elementalist)        Turns: 1142, Time: 00:02:10

Health: -3/27      AC:  2    Str:  8    XL:     3   Next: 62%
Magic:  1/6        EV: 12    Int: 16    God:
Gold:   76         SH:  0    Dex: 14    Spells: 6/7 levels left

rFire   . . .        c - +0 hand axe
rCold   . . .        (no shield)
rNeg    . . .        a - +0 robe
rPois   .            (no helmet)
rElec   .            (no cloak)
rCorr   .            (no gloves)
SInv    .            (no boots)
Will    .....        (no amulet)
Stlth   ++           (no ring)
HPRegen 0.24/turn    (no ring)
MPRegen 0.10/turn

%: no passive effects
@: no status effects
A: (nimble swimmer 2), mertail
a: no special abilities


You were on level 2 of the Dungeon.
You visited 1 branch of the dungeon, and saw 2 of its levels.

You collected 76 gold pieces.

Inventory:

Hand Weapons
 c - a +0 hand axe (weapon)
Missiles
 f - 2 silver javelins
Armour
 a - a +0 robe (worn)
Scrolls
 g - a scroll of identify {unknown}
 h - a scroll of enchant weapon {unknown}
 i - a scroll of magic mapping {unknown}
Potions
 b - a potion of magic
 d - a potion of mutation {unknown}
 e - a potion of ambrosia {unknown}


   Skills:
 + Level 1.8 Fighting
 - Level 2.6 Dodging
 - Level 2.1 Stealth
 + Level 2.6 Spellcasting
 + Level 4.8 Ice Magic


You had 6 spell levels left.
You knew the following spells:

 Your Spells              Type           Power      Damage    Failure   Level
a - Freeze                Ice            68%        1d8       2%          1

Your spell library contained the following spells:

 Spells                   Type           Power      Damage    Failure   Level
 Frozen Ramparts          Ice            34%        1d6       8%          3
 Ozocubu's Armour         Ice            17%        N/A       8%          3
 Summon Ice Beast         Ice/Summ       9%         N/A       56%         4
 Passage of Golubria      Tloc           2%         N/A       89%         4
 Silence                  Hex/Air        1%         N/A       99%         5
 Lehudib's Crystal Spear  Conj/Erth      1%         10d2      100%        8


Dungeon Overview and Level Annotations

Branches:
Dungeon (2/15)

Altars:

Annotations:
D:2 Terence


Innate Abilities, Weirdness & Mutations

((You are very nimble when in or above water. (Stealth+, EV+, Speed+++)))
Your lower body shifts to a powerful aquatic tail in water.


Message History

A frilled lizard comes into view.
Casting: Freeze (safe; 2% risk of failure)
Confirm with . or Enter, or press ? or * to list all spells.
Aiming: Freeze (safe; 2% risk of failure)
Press: ? - help, Shift-Dir - straight line, f/p - Terence
Aim: Terence, wielding a +0 mace and wearing a +0 scale mail (heavily wounded)
You freeze Terence.
Terence is severely wounded.
The bat barely misses you. Terence closely misses you.
Unknown command.
Casting: Freeze (safe; 2% risk of failure)
Confirm with . or Enter, or press ? or * to list all spells.
Aiming: Freeze (safe; 2% risk of failure)
Press: ? - help, Shift-Dir - straight line, f/p - Terence
Aim: Terence, wielding a +0 mace and wearing a +0 scale mail (severely wounded)
You freeze Terence.
Terence is almost dead.
The bat hits you. Terence barely misses you.
Unknown command.
Casting: Freeze (safe; 2% risk of failure)
Confirm with . or Enter, or press ? or * to list all spells.
You don't have enough magic to cast this spell.
Unknown command.
You hit Terence but do no damage.
Terence is almost dead.
The bat hits you. Terence hits you with a +0 mace.
You hit Terence but do no damage.
Terence is almost dead.
You closely miss the bat. The bat hits you but does no damage.
Terence hits you with a +0 mace. The bat hits you but does no damage.
Terence says, "How do you enjoy it?" Terence hits you with a +0 mace.
You hit Terence.
Terence is almost dead.
You barely miss the bat. The bat hits you. Terence hits you with a +0 mace.
* * * LOW HITPOINT WARNING * * *
You hit Terence but do no damage.
Terence is almost dead.
You barely miss the frilled lizard. Terence hits you with a +0 mace!
You die...

#... ..
##.#.###.##
.........
.......
..... #.b..
####+#+#l@#
......<..@#
#
#.......#.#
#......$..#
#...†...###
+<......#
#.......#
#.......#
#.......#
####+####


You could see Terence, a bat and a frilled lizard.

Vanquished Creatures
  2 dart slugs (D:1)
  4 ball pythons (D:1)
  2 bats (D:1)
  5 endoplasms
  4 giant cockroaches (D:1)
  A hobgoblin (D:1)
  3 jackals (D:1)
  2 quokkas (D:1)
  3 frilled lizards
  4 goblins (D:1)
  4 kobolds (D:1)
  2 rats
36 creatures vanquished.

Notes
Turn   | Place    | Note
-------+----------+-------------------------------------------
     0 | D:1      | safid the Merfolk Ice Elementalist began the quest for the
                  | Orb.
     0 | D:1      | Reached XP level 1. HP: 13/13 MP: 3/3
   116 | D:1      | Reached XP level 2. HP: 16/20 MP: 3/5
   127 | D:1      | Reached skill level 1 in Fighting
   482 | D:1      | Found a faded altar of an unknown god.
   507 | D:1      | Reached XP level 3. HP: 19/26 MP: 1/6
  1129 | D:2      | Noticed Terence
  1142 | D:2      | Slain by Terence

Illustrated notes

Levels and vault maps discovered:
D:1:      saegor_arrival_simple_c, layout_loops_ring,
          ebering_ecumenical_altar_webs
D:2:      layout_basic, uniq_terence

Skill      XL: |  1  2 |
---------------+-------+-----
Fighting       | 1 |  1.8
Dodging        | |  2.6
Stealth        | |  2.1
Spellcasting   | |  2.6
Ice Magic      | |  4.8

Action                     || total
---------------------------++-------
  Melee: Unarmed           ||     8
         Hand axe          ||    65
   Cast: Freeze            ||    42
   Stab: Sleeping          ||     3
 Armour: Robe              ||    19
  Dodge: Dodged            ||    90
